Senateurs vs Stars
Created - May 4, 2021 at 20:20
Goals
|
| Senateurs |
0 |
1 |
1 |
2 |
| Stars |
1 |
0 |
0 |
1 |
|
Shots
|
| Senateurs |
8 |
8 |
12 |
28 |
| Stars |
8 |
10 |
8 |
26 |
|
1st period
1. Stars , Guillaume Latendresse 51 (John Tavares 89) at 8:40
Penalties :
Reilly Smith (Ott) for Goalie Interference (Minor) at 0:31, Boris Valabik (Dal) for Hooking (Minor) at 4:11, Paul Ladue (Dal) for Goalie Interference (Minor) at 6:51, Cody Franson (Ott) for Goalie Interference (Minor) at 6:57, Peter Regin (Ott) for High sticking (Minor) at 11:15, Maxim Lapierre (Ott) for Hooking (Minor) at 18:57
2nd period
2. Senateurs , Sidney Crosby 41 (Dion Phaneuf 32, Reilly Smith 24) at 18:55
Penalties :
Ian White (Dal) for Hooking (Minor) at 3:23, Cody Franson (Ott) for Hooking (Minor) at 4:17, Peter Regin (Ott) for Holding (Minor) at 8:49, Matt Martin (Ott) for Slashing (Minor) at 11:42
3rd period
3. Senateurs , Colby Armstrong 14 (Sidney Crosby 58, Arturs Kulda 9) at 16:06
Penalties :
Maxim Lapierre (Ott) for Hooking (Minor) at 4:49, Cory Emmerton (Dal) for Slashing (Minor) at 9:20, Colby Armstrong (Ott) for Hooking (Minor) at 13:37, Antoine Vermette (Dal) for Interference (Minor) at 17:42
Goalie Stats
Viktor Fasth (Ott), 25 saves from 26 shots - (0.962), W, 28-24-4, 60:00 minutes
Cory Schneider (Dal), 26 saves from 28 shots - (0.929), L, 31-21-2, 60:00 minutes
Players Stats for Senateurs
Player Name G A P +/- PIM S H SB GA TA FO MP PP MP PK MP
------------------------------------------------------------------------------------
Arturs Kulda 0 1 1 1 0 1 2 0 0 0 0/0 9:53 0:00 0:19
Brandon Burlon 0 0 0 0 0 2 0 0 0 0 0/0 12:11 0:00 1:06
Brian McGrattan 0 0 0 0 0 1 1 0 0 0 0/0 8:26 0:03 0:00
Cody Franson 0 0 0 1 4 0 2 0 0 1 0/0 26:56 4:40 7:54
Colby Armstrong 1 0 1 1 2 2 2 0 0 0 0/0 10:01 0:05 0:00
Derek Boogaard 0 0 0 0 0 0 2 0 1 1 0/1 19:26 3:14 5:39
Dion Phaneuf 0 1 1 0 0 0 3 1 0 0 0/0 28:18 4:42 8:41
Eric Gelinas 0 0 0 0 0 1 2 1 0 0 0/0 21:49 2:15 5:53
Marek Svatos 0 0 0 0 0 0 0 0 0 0 1/1 9:58 3:14 0:00
Matt Martin 0 0 0 0 2 0 1 0 0 0 0/0 12:34 0:05 4:11
Maxim Lapierre 0 0 0 0 4 0 1 0 0 1 2/3 9:48 0:00 2:19
Nate Prosser 0 0 0 0 0 1 0 1 0 0 0/0 21:49 2:15 5:53
Nick Bjugstad 0 0 0 0 0 2 1 0 1 0 4/8 13:30 3:16 0:41
Peter Regin 0 0 0 0 4 1 1 0 0 0 0/2 8:31 0:00 0:00
Reilly Smith 0 1 1 1 2 5 1 0 0 1 0/0 12:23 3:38 0:00
Sean Bergenheim 0 0 0 1 0 2 2 0 2 0 0/0 23:49 3:38 8:12
Sergei Kostitsyn 0 0 0 0 0 2 0 0 0 0 0/0 8:41 0:00 0:23
Sidney Crosby 1 1 2 1 0 8 3 2 0 0 17/37 23:57 3:38 8:21
Players Stats for Stars
Player Name G A P +/- PIM S H SB GA TA FO MP PP MP PK MP
------------------------------------------------------------------------------------
Alex Chiasson 0 0 0 0 0 1 2 3 2 0 0/1 16:41 6:23 0:00
Alexander Frolov 0 0 0 -2 0 1 0 1 0 0 0/0 11:08 0:47 1:21
Andrej Sustr 0 0 0 0 0 0 1 0 0 0 0/0 12:02 0:07 0:00
Antoine Vermette 0 0 0 0 2 0 1 0 0 0 6/10 16:43 6:07 0:07
B.J. Crombeen 0 0 0 -2 0 0 1 0 0 0 0/0 8:51 0:32 0:00
Boris Valabik 0 0 0 0 2 0 0 0 0 0 0/0 19:44 6:08 2:36
Brian Lee 0 0 0 -1 0 2 1 2 0 0 0/0 28:38 8:39 3:57
Cam Atkinson 0 0 0 0 0 1 1 0 0 0 0/0 5:07 0:00 0:00
Cory Emmerton 0 0 0 -2 2 4 1 0 0 0 2/4 9:20 0:43 0:00
Evgeny Grachev 0 0 0 0 0 1 3 0 0 0 2/2 7:15 0:03 1:24
Guillaume Latendresse 1 0 1 1 0 1 2 1 1 2 1/2 24:17 7:57 3:42
Ian White 0 0 0 -1 2 2 2 2 0 1 0/0 27:20 8:39 3:05
John Tavares 0 1 1 1 0 6 1 0 0 0 16/31 24:19 7:57 3:44
Jussi Jokinen 0 0 0 0 0 3 1 0 0 0 0/1 19:22 6:09 1:48
Michael Grabner 0 0 0 0 0 2 2 0 0 0 1/1 20:28 7:52 1:48
Paul Ladue 0 0 0 0 2 1 0 0 1 1 0/0 12:58 0:12 0:43
Ted Purcell 0 0 0 0 0 0 0 0 0 0 0/0 5:19 0:02 0:00
Tyson Barrie 0 0 0 0 0 1 1 0 0 0 0/0 20:28 6:08 3:33
3 Stars
1 - Sidney Crosby (Ott)
2 - Viktor Fasth (Ott)
3 - Guillaume Latendresse (Dal)
Power Play
Senateurs - 0 on 5 Attempt(s) - 0.00%
Stars - 0 on 9 Attempt(s) - 0.00%
Penalty Kill
Senateurs - 9 on 9 Attempt(s) - 100.00%
- Score 0 goal in Penalty Kill
Stars - 5 on 5 Attempt(s) - 100.00%
- Score 0 goal in Penalty Kill
Team Stat
Senateurs - Hits : 24 - Faceoff Wins : 24 - Blocked Shots : 5 - Penalty Minutes : 18
Stars - Hits : 20 - Faceoff Wins : 28 - Blocked Shots : 9 - Penalty Minutes : 10
Official
Referees : Unknown
Linesman : Unknown
Game Notes
No Game Note
Finance
Level 1 -- Attendance: 5332 (88.87%) -- Ticket Income $613,180
Level 2 -- Attendance: 3868 (77.36%) -- Ticket Income $270,760
Level 3 -- Attendance: 1791 (89.55%) -- Ticket Income $80,595
Level 4 -- Attendance: 2940 (73.50%) -- Ticket Income $102,900
Luxury Box -- Attendance: 832 (83.20%) -- Ticket Income $178,880
Game was played at the American Airlines Center.
Total Attendance: 14763 (82.02%)
Total Ticket Income: $1,246,315
Other Income: $186,947
Total Income: $1,433,262
Senateurs
5 vs 5 Forward
Center Left Wing Right Wing Time % Phy DF OF
1 Sidney Crosby Sean Bergenheim Reilly Smith 40 1 2 2
2 Nick Bjugstad Derek Boogaard Colby Armstrong 30 1 2 2
3 Maxim Lapierre Matt Martin Marek Svatos 20 1 2 2
4 Peter Regin Sergei Kostitsyn Brian McGrattan 10 1 2 2
5 vs 5 Defense
Defense Defense Time % Phy DF OF
1 Dion Phaneuf Cody Franson 40 1 2 2
2 Eric Gelinas Nate Prosser 30 1 2 2
3 Brandon Burlon Arturs Kulda 20 1 2 2
4 Dion Phaneuf Cody Franson 10 1 2 2
PowerPlay Forward
Center Left Wing Right Wing Time % Phy DF OF
1 Sidney Crosby Sean Bergenheim Reilly Smith 60 1 2 2
2 Nick Bjugstad Derek Boogaard Marek Svatos 40 1 2 2
PowerPlay Defense
Defense Defense Time % Phy DF OF
1 Dion Phaneuf Cody Franson 60 1 2 2
2 Eric Gelinas Nate Prosser 40 1 2 2
Penalty Kill 4 Players Forward
Center Wing Time % Phy DF OF
1 Sidney Crosby Sean Bergenheim 60 1 2 2
2 Derek Boogaard Matt Martin 40 1 2 2
Penalty Kill 4 Players Defense
Defense Defense Time % Phy DF OF
1 Dion Phaneuf Cody Franson 60 1 2 2
2 Eric Gelinas Nate Prosser 40 1 2 2
Penalty Kill - 3 Players Forward
Forward Time % Phy DF OF
1 Sidney Crosby 60 1 2 2
2 Sean Bergenheim 40 1 2 2
Penalty Kill - 3 Players Defense
Defense Defense Time % Phy DF OF
1 Dion Phaneuf Cody Franson 60 1 2 2
2 Eric Gelinas Nate Prosser 40 1 2 2
4 vs 4 Forward
Center Wing Time % Phy DF OF
1 Sidney Crosby Sean Bergenheim 60 1 2 2
2 Derek Boogaard Matt Martin 40 1 2 2
4 vs 4 Defense
Defense Defense Time % Phy DF OF
1 Dion Phaneuf Cody Franson 60 1 2 2
2 Eric Gelinas Nate Prosser 40 1 2 2
Last Minutes Offensive
Center Left Wing Right Wing Defense Defense
Sidney Crosby Sean Bergenheim Colby Armstrong Dion Phaneuf Cody Franson
Last Minutes Defensive
Center Left Wing Right Wing Defense Defense
Sidney Crosby Sean Bergenheim Colby Armstrong Dion Phaneuf Cody Franson
Goaltenders
Starting : Viktor Fasth
Backup : Jonas Hiller
Extra Forwards
Normal : Sidney Crosby, Marek Svatos, Maxim Lapierre - PP : Matt Martin, Colby Armstrong - PK : Maxim Lapierre
Extra Defensemen
Normal : Brandon Burlon, Arturs Kulda, Eric Gelinas - PP : Brandon Burlon - PK : Arturs Kulda, Eric Gelinas
Penalty Shots
Sidney Crosby, Sean Bergenheim, Derek Boogaard, Matt Martin, Colby Armstrong
Scratches
Matt Moulson (Healthy), Anthony Bitetto (Healthy)
Stars
5 vs 5 Forward
Center Left Wing Right Wing Time % Phy DF OF
1 John Tavares Guillaume Latendresse Michael Grabner 40 1 2 2
2 Antoine Vermette Jussi Jokinen Alex Chiasson 30 1 2 2
3 Cory Emmerton Alexander Frolov B.J. Crombeen 20 1 2 2
4 Evgeny Grachev Ted Purcell Cam Atkinson 10 1 2 2
5 vs 5 Defense
Defense Defense Time % Phy DF OF
1 Ian White Brian Lee 40 1 2 2
2 Tyson Barrie Boris Valabik 30 1 2 2
3 Andrej Sustr Paul Ladue 20 1 2 2
4 Ian White Brian Lee 10 1 2 2
PowerPlay Forward
Center Left Wing Right Wing Time % Phy DF OF
1 John Tavares Guillaume Latendresse Michael Grabner 60 0 1 4
2 Antoine Vermette Jussi Jokinen Alex Chiasson 40 0 1 4
PowerPlay Defense
Defense Defense Time % Phy DF OF
1 Ian White Brian Lee 60 0 1 4
2 Tyson Barrie Boris Valabik 40 0 1 4
Penalty Kill 4 Players Forward
Center Wing Time % Phy DF OF
1 John Tavares Guillaume Latendresse 60 0 3 2
2 Jussi Jokinen Michael Grabner 40 0 3 2
Penalty Kill 4 Players Defense
Defense Defense Time % Phy DF OF
1 Ian White Brian Lee 60 0 3 2
2 Tyson Barrie Boris Valabik 40 0 3 2
Penalty Kill - 3 Players Forward
Forward Time % Phy DF OF
1 John Tavares 60 0 3 2
2 Guillaume Latendresse 40 0 3 2
Penalty Kill - 3 Players Defense
Defense Defense Time % Phy DF OF
1 Ian White Brian Lee 60 0 3 2
2 Tyson Barrie Boris Valabik 40 0 3 2
4 vs 4 Forward
Center Wing Time % Phy DF OF
1 John Tavares Guillaume Latendresse 60 0 2 3
2 Jussi Jokinen Michael Grabner 40 0 2 3
4 vs 4 Defense
Defense Defense Time % Phy DF OF
1 Ian White Brian Lee 60 0 2 3
2 Tyson Barrie Boris Valabik 40 0 2 3
Last Minutes Offensive
Center Left Wing Right Wing Defense Defense
John Tavares Guillaume Latendresse Michael Grabner Ian White Brian Lee
Last Minutes Defensive
Center Left Wing Right Wing Defense Defense
John Tavares Guillaume Latendresse Michael Grabner Ian White Brian Lee
Goaltenders
Starting : Cory Schneider
Backup : Matt Murray
Extra Forwards
Normal : Jussi Jokinen, Cory Emmerton, Evgeny Grachev - PP : Alexander Frolov, Cory Emmerton - PK : Evgeny Grachev
Extra Defensemen
Normal : Tyson Barrie, Boris Valabik, Andrej Sustr - PP : Tyson Barrie - PK : Boris Valabik, Tyson Barrie
Penalty Shots
John Tavares, Guillaume Latendresse, Jussi Jokinen, Michael Grabner, Antoine Vermette
Scratches
Damien Brunner (Healthy), Shane O'Brien (Left Hand Injury)
% Time on Ice - Senateurs
Lines # - Real PCT - Wanted PCT - Time Play
Normal Forward
1 - 31% - 40% - 10:52
2 - 27% - 30% - 9:29
3 - 19% - 20% - 6:33
4 - 23% - 10% - 8:09
Normal Defense
1 - 40% - 40% - 14:07
2 - 35% - 30% - 12:20
3 - 25% - 20% - 8:36
4 - 0% - 10% - 0:00
PP Forward
1 - 53% - 60% - 3:41
2 - 47% - 40% - 3:16
PP Defense
1 - 68% - 60% - 4:42
2 - 32% - 40% - 2:15
PK Forward
1 - 68% - 60% - 10:04
2 - 32% - 40% - 4:49
PK Defense
1 - 60% - 60% - 9:00
2 - 40% - 40% - 5:53
PK3 Forward
1 - 0% - 60%
2 - 0% - 40%
PK3 Defense
1 - 0% - 60%
2 - 0% - 40%
44 Forward
1 - 67% - 60% - 2:00
2 - 33% - 40% - 0:58
44 Defense
1 - 60% - 60% - 1:46
2 - 40% - 40% - 1:12
Last Minute Offensive - 0:00
Last Minute Defensive - 0:09
Total
Forward - 60:00
Defense - 60:00
|
% Time on Ice - Stars
Lines # - Real PCT - Wanted PCT - Time Play
Normal Forward
1 - 33% - 40% - 11:32
2 - 29% - 30% - 10:18
3 - 23% - 20% - 8:09
4 - 15% - 10% - 5:07
Normal Defense
1 - 40% - 40% - 14:06
2 - 27% - 30% - 9:39
3 - 32% - 20% - 11:21
4 - 0% - 10% - 0:00
PP Forward
1 - 57% - 60% - 8:26
2 - 43% - 40% - 6:27
PP Defense
1 - 59% - 60% - 8:45
2 - 41% - 40% - 6:08
PK Forward
1 - 74% - 60% - 5:09
2 - 26% - 40% - 1:48
PK Defense
1 - 51% - 60% - 3:32
2 - 49% - 40% - 3:25
PK3 Forward
1 - 0% - 60%
2 - 0% - 40%
PK3 Defense
1 - 0% - 60%
2 - 0% - 40%
44 Forward
1 - 62% - 60% - 1:51
2 - 38% - 40% - 1:07
44 Defense
1 - 62% - 60% - 1:50
2 - 38% - 40% - 1:08
Last Minute Offensive - 0:06
Last Minute Defensive - 0:00
Total
Forward - 60:00
Defense - 60:00
|
Play-by-Play
1st period
0:01 of 1st period - John Tavares wins face-off versus Sidney Crosby in neutral zone.
0:08 of 1st period - John Tavares is hit by Sidney Crosby and loses puck.
0:17 of 1st period - Slapshot by Ian White.
0:17 of 1st period - Stopped by Viktor Fasth with a rebound.
0:29 of 1st period - Slapshot by Alexander Frolov.
0:29 of 1st period - Stopped by Viktor Fasth with a rebound.
0:31 of 1st period - Minor Penalty to Reilly Smith for Goalie Interference.
0:32 of 1st period - John Tavares wins face-off versus Sidney Crosby in Senateurs zone.
1:05 of 1st period - Cody Franson is hit by Ian White and loses puck.
2:31 of 1st period - Penalty to Reilly Smith is over, Reilly Smith is back on ice.
2:49 of 1st period - Brian McGrattan is hit by Cory Emmerton and loses puck.
3:06 of 1st period - Wrist shot by Cam Atkinson.
3:06 of 1st period - Shot Misses the Net.
3:08 of 1st period - Slapshot by Andrej Sustr.
3:08 of 1st period - Deflect By Evgeny Grachev.
3:08 of 1st period - Shot Hit the Post.
3:08 of 1st period - Puck is out of play.
3:09 of 1st period - Maxim Lapierre wins face-off versus Cory Emmerton in Senateurs zone.
3:48 of 1st period - Icing by Nate Prosser.
3:49 of 1st period - Nick Bjugstad wins face-off versus John Tavares in Senateurs zone.
3:49 of 1st period - Nick Bjugstad is hit by Michael Grabner.
4:11 of 1st period - Minor Penalty to Boris Valabik for Hooking.
4:12 of 1st period - John Tavares wins face-off versus Sidney Crosby in Stars zone.
4:26 of 1st period - Slapshot by Dion Phaneuf.
4:26 of 1st period - Shot Misses the Net.
4:28 of 1st period - Snap shot by Cody Franson.
4:28 of 1st period - Shot Blocked by Brian Lee.
5:04 of 1st period - John Tavares is hit by Sean Bergenheim and loses puck.
5:35 of 1st period - Nick Bjugstad is hit by Evgeny Grachev and loses puck.
5:42 of 1st period - Nick Bjugstad is hit by Tyson Barrie and loses puck.
6:11 of 1st period - Penalty to Boris Valabik is over, Boris Valabik is back on ice.
6:19 of 1st period - Guillaume Latendresse is hit by Eric Gelinas.
6:31 of 1st period - Wrist shot by John Tavares.
6:31 of 1st period - Stopped by Viktor Fasth with a rebound.
6:33 of 1st period - Wrist shot by Guillaume Latendresse.
6:33 of 1st period - Deflect By John Tavares.
6:33 of 1st period - Shot Misses the Net.
6:33 of 1st period - Puck is out of play.
6:34 of 1st period - Antoine Vermette wins face-off versus Peter Regin in Senateurs zone.
6:51 of 1st period - Minor Penalty to Paul Ladue for Goalie Interference.
6:52 of 1st period - John Tavares wins face-off versus Sidney Crosby in Stars zone.
6:57 of 1st period - Minor Penalty to Cody Franson for Goalie Interference.
6:58 of 1st period - Sidney Crosby wins face-off versus John Tavares in Senateurs zone.
7:33 of 1st period - Snap shot by John Tavares.
7:33 of 1st period - Stopped by Viktor Fasth with a rebound.
8:06 of 1st period - Icing by Sean Bergenheim.
8:07 of 1st period - Marek Svatos wins face-off versus John Tavares in Senateurs zone.
8:38 of 1st period - Slapshot by Michael Grabner.
8:38 of 1st period - Stopped by Viktor Fasth without a rebound.
8:39 of 1st period - John Tavares wins face-off versus Sidney Crosby in Senateurs zone.
8:40 of 1st period - Snap shot by Guillaume Latendresse.
8:40 of 1st period - Goal by Guillaume Latendresse - Senateurs : 0 - Stars : 1.
8:41 of 1st period - Sidney Crosby wins face-off versus John Tavares in neutral zone.
8:51 of 1st period - Penalty to Paul Ladue is over, Paul Ladue is back on ice.
8:57 of 1st period - Penalty to Cody Franson is over, Cody Franson is back on ice.
9:18 of 1st period - Snap shot by Sean Bergenheim.
9:18 of 1st period - Stopped by Cory Schneider with a rebound.
9:20 of 1st period - Slapshot by Dion Phaneuf.
9:20 of 1st period - Shot Misses the Net.
9:22 of 1st period - Slapshot by Brandon Burlon.
9:22 of 1st period - Shot Misses the Net.
9:24 of 1st period - Slapshot by Sidney Crosby.
9:24 of 1st period - Stopped by Cory Schneider with a rebound.
9:26 of 1st period - Wrist shot by Cody Franson.
9:26 of 1st period - Shot Misses the Net.
9:39 of 1st period - Off-side.
9:40 of 1st period - Antoine Vermette wins face-off versus Nick Bjugstad in neutral zone.
9:43 of 1st period - Slapshot by Tyson Barrie.
9:43 of 1st period - Deflect By Antoine Vermette.
9:43 of 1st period - Shot Blocked by Eric Gelinas.
9:43 of 1st period - Puck is out of play.
9:44 of 1st period - Antoine Vermette wins face-off versus Nick Bjugstad in Senateurs zone.
9:59 of 1st period - Tyson Barrie is hit by Colby Armstrong and loses puck.
10:47 of 1st period - Wrist shot by Brian McGrattan.
10:47 of 1st period - Stopped by Cory Schneider with a rebound.
11:13 of 1st period - Slapshot by Jussi Jokinen.
11:13 of 1st period - Shot Misses the Net.
11:15 of 1st period - Minor Penalty to Peter Regin for High sticking.
11:16 of 1st period - John Tavares wins face-off versus Sidney Crosby in Senateurs zone.
11:25 of 1st period - Backhand shot by John Tavares.
11:25 of 1st period - Stopped by Viktor Fasth with a rebound.
11:43 of 1st period - Michael Grabner is hit by Matt Martin and loses puck.
11:50 of 1st period - Guillaume Latendresse is hit by Derek Boogaard and loses puck.
12:07 of 1st period - Sidney Crosby is hit by Ian White and loses puck.
13:15 of 1st period - Penalty to Peter Regin is over, Peter Regin is back on ice.
13:49 of 1st period - Brandon Burlon is hit by Evgeny Grachev.
14:03 of 1st period - Andrej Sustr is hit by Arturs Kulda and loses puck.
14:08 of 1st period - Wrist shot by Maxim Lapierre.
14:08 of 1st period - Shot Misses the Net.
14:10 of 1st period - Slapshot by Cody Franson.
14:10 of 1st period - Shot Blocked by Alexander Frolov.
14:20 of 1st period - Andrej Sustr is hit by Derek Boogaard.
15:01 of 1st period - Brandon Burlon is hit by Evgeny Grachev and loses puck.
15:24 of 1st period - Jussi Jokinen is hit by Brian McGrattan.
15:38 of 1st period - Icing by Cody Franson.
15:39 of 1st period - John Tavares wins face-off versus Peter Regin in Senateurs zone.
15:48 of 1st period - Slapshot by Cody Franson.
15:48 of 1st period - Shot Blocked by Guillaume Latendresse.
16:03 of 1st period - Wrist shot by Peter Regin.
16:03 of 1st period - Deflect By Sergei Kostitsyn.
16:03 of 1st period - Stopped by Cory Schneider with a rebound.
16:05 of 1st period - Wrist shot by Brandon Burlon.
16:05 of 1st period - Stopped by Cory Schneider without a rebound.
16:06 of 1st period - Sidney Crosby wins face-off versus Antoine Vermette in Stars zone.
16:11 of 1st period - Snap shot by Reilly Smith.
16:11 of 1st period - Stopped by Cory Schneider with a rebound.
16:15 of 1st period - Backhand shot by Sean Bergenheim.
16:15 of 1st period - Stopped by Cory Schneider with a rebound.
16:17 of 1st period - Wrist shot by Sean Bergenheim.
16:17 of 1st period - Shot Misses the Net.
16:19 of 1st period - Wrist shot by Arturs Kulda.
16:19 of 1st period - Shot Blocked by Alex Chiasson.
16:21 of 1st period - Slapshot by Arturs Kulda.
16:21 of 1st period - Stopped by Cory Schneider without a rebound.
16:22 of 1st period - Nick Bjugstad wins face-off versus Guillaume Latendresse in Stars zone.
16:33 of 1st period - Derek Boogaard is hit by John Tavares.
18:44 of 1st period - Matt Martin is hit by Alex Chiasson and loses puck.
18:51 of 1st period - Snap shot by Jussi Jokinen.
18:51 of 1st period - Stopped by Viktor Fasth with a rebound.
18:57 of 1st period - Minor Penalty to Maxim Lapierre for Hooking.
18:58 of 1st period - Guillaume Latendresse wins face-off versus Sidney Crosby in Senateurs zone.
19:57 of 1st period - Eric Gelinas is hit by Michael Grabner and loses puck.
Goals for this period are 0 for Senateurs vs 1 for Stars.
Shots for this period are 8 for Senateurs vs 8 for Stars.
2nd period
0:01 of 2nd period - Sidney Crosby wins face-off versus John Tavares in neutral zone.
0:57 of 2nd period - Penalty to Maxim Lapierre is over, Maxim Lapierre is back on ice.
1:44 of 2nd period - Icing by Cody Franson.
1:45 of 2nd period - Sidney Crosby wins face-off versus John Tavares in Senateurs zone.
2:28 of 2nd period - Slapshot by Brian Lee.
2:28 of 2nd period - Shot Misses the Net.
2:30 of 2nd period - Wrist shot by B.J. Crombeen.
2:30 of 2nd period - Deflect By Cory Emmerton.
2:30 of 2nd period - Stopped by Viktor Fasth without a rebound.
2:31 of 2nd period - Sidney Crosby wins face-off versus Cory Emmerton in Senateurs zone.
2:40 of 2nd period - Snap shot by Sidney Crosby.
2:40 of 2nd period - Stopped by Cory Schneider without a rebound.
2:41 of 2nd period - John Tavares wins face-off versus Sidney Crosby in Stars zone.
3:08 of 2nd period - Wrist shot by Sidney Crosby.
3:08 of 2nd period - Stopped by Cory Schneider without a rebound.
3:09 of 2nd period - Nick Bjugstad wins face-off versus Alex Chiasson in Stars zone.
3:20 of 2nd period - Wrist shot by Nick Bjugstad.
3:20 of 2nd period - Stopped by Cory Schneider without a rebound.
3:21 of 2nd period - Michael Grabner wins face-off versus Sidney Crosby in Stars zone.
3:23 of 2nd period - Minor Penalty to Ian White for Hooking.
3:24 of 2nd period - Sidney Crosby wins face-off versus John Tavares in Stars zone.
4:17 of 2nd period - Minor Penalty to Cody Franson for Hooking.
4:18 of 2nd period - John Tavares wins face-off versus Sidney Crosby in Senateurs zone.
4:25 of 2nd period - Snap shot by John Tavares.
4:25 of 2nd period - Stopped by Viktor Fasth without a rebound.
4:26 of 2nd period - Sidney Crosby wins face-off versus John Tavares in Senateurs zone.
4:33 of 2nd period - Slapshot by Sidney Crosby.
4:33 of 2nd period - Shot Misses the Net.
5:23 of 2nd period - Penalty to Ian White is over, Ian White is back on ice.
5:47 of 2nd period - Slapshot by Brandon Burlon.
5:47 of 2nd period - Stopped by Cory Schneider with a rebound.
5:55 of 2nd period - Dion Phaneuf is hit by Antoine Vermette and loses puck.
6:17 of 2nd period - Penalty to Cody Franson is over, Cody Franson is back on ice.
6:37 of 2nd period - Brian McGrattan is hit by Cam Atkinson and loses puck.
6:56 of 2nd period - Snap shot by Marek Svatos.
6:56 of 2nd period - Shot Misses the Net.
6:58 of 2nd period - Slapshot by Nate Prosser.
6:58 of 2nd period - Stopped by Cory Schneider with a rebound.
7:10 of 2nd period - Paul Ladue is hit by Dion Phaneuf and loses puck.
7:23 of 2nd period - B.J. Crombeen is hit by Dion Phaneuf and loses puck.
7:42 of 2nd period - Paul Ladue is hit by Peter Regin and loses puck.
7:57 of 2nd period - Cam Atkinson is hit by Arturs Kulda and loses puck.
8:30 of 2nd period - Snap shot by Jussi Jokinen.
8:30 of 2nd period - Stopped by Viktor Fasth with a rebound.
8:49 of 2nd period - Minor Penalty to Peter Regin for Holding.
8:50 of 2nd period - John Tavares wins face-off versus Sidney Crosby in Senateurs zone.
8:57 of 2nd period - Slapshot by Brian Lee.
8:57 of 2nd period - Shot Blocked by Sidney Crosby.
8:59 of 2nd period - Snap shot by Michael Grabner.
8:59 of 2nd period - Stopped by Viktor Fasth with a rebound.
9:01 of 2nd period - Slapshot by Brian Lee.
9:01 of 2nd period - Stopped by Viktor Fasth with a rebound.
9:03 of 2nd period - Snap shot by Brian Lee.
9:03 of 2nd period - Shot Misses the Net.
9:48 of 2nd period - Icing by Boris Valabik.
9:49 of 2nd period - Antoine Vermette wins face-off versus Sidney Crosby in Stars zone.
9:58 of 2nd period - Slapshot by Boris Valabik.
9:58 of 2nd period - Shot Blocked by Sidney Crosby.
10:49 of 2nd period - Penalty to Peter Regin is over, Peter Regin is back on ice.
11:09 of 2nd period - Snap shot by Cory Emmerton.
11:09 of 2nd period - Stopped by Viktor Fasth with a rebound.
11:42 of 2nd period - Minor Penalty to Matt Martin for Slashing.
11:43 of 2nd period - Sidney Crosby wins face-off versus John Tavares in Senateurs zone.
12:25 of 2nd period - Dion Phaneuf is hit by Alex Chiasson and loses puck.
13:36 of 2nd period - Snap shot by Sergei Kostitsyn.
13:36 of 2nd period - Shot Misses the Net.
13:38 of 2nd period - Snap shot by Nick Bjugstad.
13:38 of 2nd period - Deflect By Sergei Kostitsyn.
13:38 of 2nd period - Shot Hit the Post.
13:38 of 2nd period - Puck is out of play.
13:39 of 2nd period - Sidney Crosby wins face-off versus John Tavares in Stars zone.
13:42 of 2nd period - Penalty to Matt Martin is over, Matt Martin is back on ice.
14:33 of 2nd period - Backhand shot by Derek Boogaard.
14:33 of 2nd period - Shot Misses the Net.
14:35 of 2nd period - Snap shot by Nick Bjugstad.
14:35 of 2nd period - Shot Misses the Net.
15:25 of 2nd period - Snap shot by John Tavares.
15:25 of 2nd period - Stopped by Viktor Fasth with a rebound.
16:58 of 2nd period - Wrist shot by Alex Chiasson.
16:58 of 2nd period - Stopped by Viktor Fasth with a rebound.
17:16 of 2nd period - Wrist shot by Cory Emmerton.
17:16 of 2nd period - Stopped by Viktor Fasth without a rebound.
17:17 of 2nd period - Evgeny Grachev wins face-off versus Sidney Crosby in Senateurs zone.
17:22 of 2nd period - Wrist shot by Cam Atkinson.
17:22 of 2nd period - Stopped by Viktor Fasth without a rebound.
17:23 of 2nd period - Evgeny Grachev wins face-off versus Sidney Crosby in Senateurs zone.
17:27 of 2nd period - Icing by Cody Franson.
17:28 of 2nd period - John Tavares wins face-off versus Sidney Crosby in Senateurs zone.
18:05 of 2nd period - Snap shot by Reilly Smith.
18:05 of 2nd period - Stopped by Cory Schneider without a rebound.
18:06 of 2nd period - Antoine Vermette wins face-off versus Nick Bjugstad in Stars zone.
18:06 of 2nd period - Antoine Vermette is hit by Colby Armstrong.
18:53 of 2nd period - Snap shot by Reilly Smith.
18:53 of 2nd period - Stopped by Cory Schneider with a rebound.
18:55 of 2nd period - Slapshot by Dion Phaneuf.
18:55 of 2nd period - Deflect By Sidney Crosby.
18:55 of 2nd period - Goal by Sidney Crosby - Senateurs : 1 - Stars : 1.
18:56 of 2nd period - Sidney Crosby wins face-off versus John Tavares in neutral zone.
19:23 of 2nd period - Colby Armstrong is hit by Brian Lee and loses puck.
Goals for this period are 1 for Senateurs vs 0 for Stars.
Shots for this period are 8 for Senateurs vs 10 for Stars.
3rd period
0:01 of 3rd period - John Tavares wins face-off versus Sidney Crosby in neutral zone.
0:04 of 3rd period - Snap shot by Ian White.
0:04 of 3rd period - Shot Blocked by Dion Phaneuf.
0:14 of 3rd period - Cody Franson is hit by Guillaume Latendresse and loses puck.
0:27 of 3rd period - Alex Chiasson is hit by Cody Franson and loses puck.
0:35 of 3rd period - Wrist shot by Colby Armstrong.
0:35 of 3rd period - Stopped by Cory Schneider without a rebound.
0:36 of 3rd period - Sidney Crosby wins face-off versus Antoine Vermette in Stars zone.
0:43 of 3rd period - Wrist shot by Sidney Crosby.
0:43 of 3rd period - Stopped by Cory Schneider without a rebound.
0:44 of 3rd period - Sidney Crosby wins face-off versus Antoine Vermette in Stars zone.
0:45 of 3rd period - Slapshot by Sean Bergenheim.
0:45 of 3rd period - Shot Blocked by Alex Chiasson.
0:47 of 3rd period - Snap shot by Reilly Smith.
0:47 of 3rd period - Stopped by Cory Schneider with a rebound.
0:49 of 3rd period - Wrist shot by Cody Franson.
0:49 of 3rd period - Shot Misses the Net.
0:51 of 3rd period - Wrist shot by Sidney Crosby.
0:51 of 3rd period - Shot Blocked by Alex Chiasson.
0:53 of 3rd period - Snap shot by Reilly Smith.
0:53 of 3rd period - Stopped by Cory Schneider without a rebound.
0:54 of 3rd period - Sidney Crosby wins face-off versus John Tavares in Stars zone.
1:01 of 3rd period - Backhand shot by Cody Franson.
1:01 of 3rd period - Shot Blocked by Brian Lee.
1:03 of 3rd period - Wrist shot by Dion Phaneuf.
1:03 of 3rd period - Shot Misses the Net.
1:12 of 3rd period - Off-side.
1:13 of 3rd period - Nick Bjugstad wins face-off versus Antoine Vermette in neutral zone.
1:40 of 3rd period - John Tavares is hit by Dion Phaneuf and loses puck.
1:47 of 3rd period - Wrist shot by Sidney Crosby.
1:47 of 3rd period - Stopped by Cory Schneider without a rebound.
1:48 of 3rd period - Sidney Crosby wins face-off versus John Tavares in Stars zone.
3:40 of 3rd period - Slapshot by Ian White.
3:40 of 3rd period - Stopped by Viktor Fasth without a rebound.
3:41 of 3rd period - Antoine Vermette wins face-off versus Nick Bjugstad in Senateurs zone.
4:10 of 3rd period - Snap shot by Alex Chiasson.
4:10 of 3rd period - Shot Misses the Net.
4:12 of 3rd period - Slapshot by Paul Ladue.
4:12 of 3rd period - Stopped by Viktor Fasth without a rebound.
4:13 of 3rd period - John Tavares wins face-off versus Sidney Crosby in Senateurs zone.
4:49 of 3rd period - Minor Penalty to Maxim Lapierre for Hooking.
4:50 of 3rd period - John Tavares wins face-off versus Sidney Crosby in Senateurs zone.
5:03 of 3rd period - Snap shot by John Tavares.
5:03 of 3rd period - Stopped by Viktor Fasth without a rebound.
5:04 of 3rd period - Sidney Crosby wins face-off versus John Tavares in Senateurs zone.
5:21 of 3rd period - Snap shot by Sidney Crosby.
5:21 of 3rd period - Stopped by Cory Schneider with a rebound.
5:41 of 3rd period - Wrist shot by Derek Boogaard.
5:41 of 3rd period - Shot Blocked by Ian White.
6:49 of 3rd period - Penalty to Maxim Lapierre is over, Maxim Lapierre is back on ice.
7:01 of 3rd period - Maxim Lapierre is hit by B.J. Crombeen and loses puck.
7:32 of 3rd period - Slapshot by Eric Gelinas.
7:32 of 3rd period - Deflect By Alexander Frolov.
7:32 of 3rd period - Stopped by Cory Schneider without a rebound.
7:33 of 3rd period - Cory Emmerton wins face-off versus Derek Boogaard in Stars zone.
9:20 of 3rd period - Minor Penalty to Cory Emmerton for Slashing.
9:21 of 3rd period - Sidney Crosby wins face-off versus John Tavares in Stars zone.
9:36 of 3rd period - John Tavares is hit by Cody Franson and loses puck.
9:51 of 3rd period - Boris Valabik is hit by Nick Bjugstad and loses puck.
10:06 of 3rd period - Tyson Barrie is hit by Sean Bergenheim and loses puck.
11:20 of 3rd period - Penalty to Cory Emmerton is over, Cory Emmerton is back on ice.
11:30 of 3rd period - Slapshot by Brian Lee.
11:30 of 3rd period - Shot Misses the Net.
11:46 of 3rd period - Wrist shot by Evgeny Grachev.
11:46 of 3rd period - Deflect By Cory Emmerton.
11:46 of 3rd period - Stopped by Viktor Fasth with a rebound.
11:48 of 3rd period - Slapshot by Ian White.
11:48 of 3rd period - Deflect By Evgeny Grachev.
11:48 of 3rd period - Stopped by Viktor Fasth without a rebound.
11:49 of 3rd period - Maxim Lapierre wins face-off versus Jussi Jokinen in Senateurs zone.
11:49 of 3rd period - Maxim Lapierre is hit by Andrej Sustr.
12:15 of 3rd period - Snap shot by Nick Bjugstad.
12:15 of 3rd period - Stopped by Cory Schneider with a rebound.
13:37 of 3rd period - Minor Penalty to Colby Armstrong for Hooking.
13:38 of 3rd period - John Tavares wins face-off versus Sidney Crosby in Senateurs zone.
15:01 of 3rd period - Michael Grabner is hit by Maxim Lapierre and loses puck.
15:37 of 3rd period - Penalty to Colby Armstrong is over, Colby Armstrong is back on ice.
15:58 of 3rd period - Wrist shot by Sidney Crosby.
15:58 of 3rd period - Shot Misses the Net.
16:00 of 3rd period - Slapshot by Arturs Kulda.
16:00 of 3rd period - Shot Misses the Net.
16:02 of 3rd period - Snap shot by Sidney Crosby.
16:02 of 3rd period - Stopped by Cory Schneider with a rebound.
16:04 of 3rd period - Snap shot by Colby Armstrong.
16:04 of 3rd period - Shot Blocked by Ian White.
16:06 of 3rd period - Wrist shot by Colby Armstrong.
16:06 of 3rd period - Goal by Colby Armstrong - Senateurs : 2 - Stars : 1.
16:07 of 3rd period - Cory Emmerton wins face-off versus Maxim Lapierre in neutral zone.
16:39 of 3rd period - Wrist shot by John Tavares.
16:39 of 3rd period - Shot Blocked by Nate Prosser.
16:59 of 3rd period - Derek Boogaard is hit by Jussi Jokinen and loses puck.
17:26 of 3rd period - Snap shot by Sergei Kostitsyn.
17:26 of 3rd period - Stopped by Cory Schneider with a rebound.
17:28 of 3rd period - Wrist shot by Peter Regin.
17:28 of 3rd period - Stopped by Cory Schneider with a rebound.
17:42 of 3rd period - Minor Penalty to Antoine Vermette for Interference.
17:43 of 3rd period - John Tavares wins face-off versus Sidney Crosby in Stars zone.
17:52 of 3rd period - Guillaume Latendresse is hit by Sidney Crosby.
18:02 of 3rd period - Tyson Barrie is hit by Sidney Crosby and loses puck.
18:09 of 3rd period - Dion Phaneuf is hit by Guillaume Latendresse and loses puck.
18:38 of 3rd period - Snap shot by Jussi Jokinen.
18:38 of 3rd period - Stopped by Viktor Fasth with a rebound.
18:40 of 3rd period - Slapshot by Brian Lee.
18:40 of 3rd period - Stopped by Viktor Fasth with a rebound.
18:42 of 3rd period - Snap shot by Tyson Barrie.
18:42 of 3rd period - Stopped by Viktor Fasth with a rebound.
19:19 of 3rd period - Ian White is hit by Reilly Smith and loses puck.
19:42 of 3rd period - Penalty to Antoine Vermette is over, Antoine Vermette is back on ice.
19:46 of 3rd period - Brian Lee is hit by Eric Gelinas and loses puck.
Goals for this period are 1 for Senateurs vs 0 for Stars.
Shots for this period are 12 for Senateurs vs 8 for Stars.
Output by the SimonT Hockey Simulator (STHS) for Francois Prevost